 Dungeon Crawl Stone Soup version 0.31-a0-233-g139696dc86 (webtiles) character file.

Game seed: 8425821596880786599

107 qw the Shooter (level 4, 0/26 HPs)
             Began as a Gargoyle Hexslinger on July 9, 2023.
             Slain by a gnoll
             ... wielding a +0 spear
              (6 damage)
             ... on level 3 of the Dungeon.
             The game lasted 00:00:36 (1675 turns).

qw the Shooter (Gargoyle Hexslinger)                Turns: 1675, Time: 00:00:36

Health: 0/26       AC: 10    Str: 12    XL:     4   Next: 85%
Magic:  5/5        EV: 10    Int: 13    God:
Gold:   49         SH:  0    Dex: 14    Spells: 4/5 levels left

rFire   . . .        Y - +3 sling (freeze)
rCold   . . .        (no shield)
rNeg    + . .        h - +0 ring mail
rPois   inf          (no helmet)
rElec   +            (no cloak)
rCorr   .            (no gloves)
SInv    .            d - +0 pair of boots
Will    .....        (no amulet)
Stlth   +            (no ring)
HPRegen 0.24/turn    (no ring)
MPRegen 0.09/turn

%: no passive effects
@: no status effects
A: sickness immunity, AC +3, negative energy resistance 1, electricity
resistance, torment resistance 1, petrification resistance
a: no special abilities


You were on level 3 of the Dungeon.
You visited 1 branch of the dungeon, and saw 3 of its levels.

You collected 49 gold pieces.


Innate Abilities, Weirdness & Mutations

You are immune to sickness and miasma.
Your stone body is resilient. (AC +3)
You are immune to poison.
You resist negative energy. (rN+)
You are resistant to electric shocks. (rElec)
You are resistant to unholy torment.
You are immune to petrification.


   Skills:
 - Level 2.0 Fighting
 + Level 4.2 Ranged Weapons
 - Level 1.6 Armour
 - Level 1.5 Dodging
 - Level 1.0 Spellcasting
 - Level 2.6 Hexes


You had 4 spell levels left.
You knew the following spells:

 Your Spells              Type           Power      Damage    Failure   Level
a - Slow                  Hex            28%        N/A       21%         1

Your spell library contained the following spells:

 Spells                   Type           Power      Damage    Failure   Level
 Inner Flame              Hex/Fire       4%         N/A       71%         3
 Portal Projectile        Hex/Tloc       8%         N/A       71%         3
 Cause Fear               Hex            3%         N/A       90%         4

Inventory:

Hand Weapons
 Y - a +3 sling of freezing (weapon)
Armour
 d - a +0 pair of boots (worn)
 h - a +0 ring mail (worn)
Scrolls
 a - 3 scrolls of identify
 b - a scroll of revelation {unknown}
Potions
 g - 2 potions of curing

Dungeon Overview and Level Annotations

Branches:
Dungeon (3/15)

Altars:
Hepliaklqana
Kikubaaqudgha
The Shining One


Message History

The sling bullet hits the gnoll but does no damage.
The gnoll is almost dead.
The gnoll hits you with a +0 flail.
You shoot a sling bullet.
The sling bullet closely misses the gnoll.
The gnoll hits you with a +0 flail.
You shoot a sling bullet. The sling bullet hits the gnoll.
The sling bullet freezes the gnoll.
You kill the gnoll!
The gnoll hits you with a +0 flail.
Your Ranged Weapons skill increases to level 4!
You shoot a sling bullet.
The sling bullet completely misses the gnoll.
The gnoll barely misses you. The gnoll closely misses you.
The gnoll completely misses you.
You shoot a sling bullet.
The sling bullet hits the gnoll but does no damage.
The gnoll hits you with a +0 flail. The gnoll hits you but does no damage.
You shoot a sling bullet. The sling bullet hits the gnoll!
The sling bullet freezes the gnoll.
The gnoll is severely wounded.
The gnoll closely misses you.
The gnoll hits you from afar with a +0 spear.
You shoot a sling bullet. The sling bullet hits the gnoll!
The sling bullet freezes the gnoll.
You kill the gnoll!
The gnoll hits you from afar with a +0 spear.
The gnoll barely misses you.
You shoot a sling bullet. The sling bullet hits the gnoll.
The sling bullet freezes the gnoll.
The gnoll is moderately wounded.
The gnoll hits you from afar with a +0 spear.
You shoot a sling bullet.
The sling bullet completely misses the gnoll.
The gnoll closely misses you.
You shoot a sling bullet. The sling bullet hits the gnoll.
The sling bullet freezes the gnoll.
The gnoll is severely wounded.
The gnoll hits you from afar with a +0 spear.
You die...

#.# ##...## ##
##.## ##..# #
##...#########.#
#..#...........#
##...###########
#.#####.##
#.......####
##.........##
#...##.##@..#
..# #.#))#..# .
...g##..# .._..
.# #[.... .#
#..#.#. #
..##.## .. ..


You could see a gnoll.

Vanquished Creatures
  Jessica (D:3)
  2 gnolls (D:3)
  2 adders (D:2)
  A worm (D:2)
  A dart slug (D:1)
  2 ball pythons
  4 endoplasms
  A giant cockroach (D:2)
  6 goblins
  3 hobgoblins
  5 kobolds (D:1)
  A quokka (D:1)
  4 bats
  2 frilled lizards
  4 rats
39 creatures vanquished.

Notes
Turn   | Place    | Note
-------+----------+-------------------------------------------
     0 | D:1      | qw the Gargoyle Hexslinger began the quest for the Orb.
     0 | D:1      | Reached XP level 1. HP: 12/12 MP: 2/2
     0 | D:1      | 0 ||| qw: Version: 0.3-a-51-g015441d
     0 | D:1      | 0 ||| qw: Game counter: 3780
     0 | D:1      | 0 ||| qw: Melee chars always use a shield: true
     0 | D:1      | 0 ||| qw: God list: Okawaru
     0 | D:1      | 0 ||| qw: Allow faded altars: false
     0 | D:1      | 0 ||| qw: Do Orc after clearing Dungeon:15 true
     0 | D:1      | 0 ||| qw: Do second Lair branch before Depths: true
     0 | D:1      | 0 ||| qw: Lair rune preference: random
     0 | D:1      | 0 ||| qw: Goals: Normal
     0 | D:1      | 0 ||| PLANNING D:1-11
   273 | D:1      | Reached XP level 2. HP: 16/16 MP: 3/3
   345 | D:1      | Reached skill level 3 in Ranged Weapons
   581 | D:1      | Reached XP level 3. HP: 21/21 MP: 4/4
   746 | D:1      | 746 ||| UPGRADING to +0 leather armour.
   756 | D:1      | 756 ||| DROPPING +0 robe.
   757 | D:1      | 757 ||| READING 2 scrolls labelled UMEPASHR ROMEYL.
   758 | D:1      | 758 ||| READING scroll labelled ONYGHE UMAOLO.
   759 | D:1      | 759 ||| DRINKING 2 murky clear potions.
   760 | D:1      | 760 ||| DROPPING scroll of poison.
   856 | D:2      | Found a hazy altar of Hepliaklqana.
  1141 | D:2      | Reached XP level 4. HP: 11/26 MP: 5/5
  1396 | D:2      | 1396 ||| DROPPING +0 leather armour of poison resistance.
  1397 | D:2      | 1397 ||| UPGRADING to +0 pair of boots.
  1402 | D:2      | 1402 ||| UPGRADING to +0 ring mail.
  1412 | D:2      | 1412 ||| DROPPING +0 leather armour.
  1413 | D:2      | 1413 ||| READING scroll labelled JIFEDU MAUZOR.
  1514 | D:2      | 1514 ||| READING scroll labelled NEMYNOKIHE.
  1515 | D:2      | 1515 ||| READING 2 scrolls labelled PUCWYR KEEGU.
  1516 | D:2      | 1516 ||| READING scroll of brand weapon.
  1516 | D:2      | 1516 ||| BRANDING +2 sling of flaming.
  1549 | D:3      | Found a glowing golden altar of the Shining One.
  1618 | D:3      | 1618 ||| READING scroll of enchant weapon.
  1618 | D:3      | 1618 ||| ENCHANTING +2 sling of freezing.
  1630 | D:3      | Noticed Jessica
  1633 | D:3      | Killed Jessica
  1634 | D:3      | Reached skill level 1 in Armour
  1655 | D:3      | Found an ancient bone altar of Kikubaaqudgha.
  1669 | D:3      | Reached skill level 4 in Ranged Weapons
  1673 | D:3      | HP: 5/26 [gnoll/+0 spear (4)]
  1675 | D:3      | Slain by a gnoll

Levels and vault maps discovered:
D:1:      lemuel_arrival_rhombus, layout_basic
D:2:      layout_loops_ring, basic_altar, nicolae_the_louvre
D:3:      layout_loops_corners, mainiacjoe_overflow_small_starburst,
          tso_metal_star, basic_ecumenical_altar, serial_shops,
          nicolae_lakefront_shop, uniq_jessica

Skill      XL: |  1  2  3  4 |
---------------+-------------+-----
Ranged Weapons | 3 4 |  4.2
Fighting       | 2 |  2.0
Armour         | 1 |  1.6
Dodging        | |  1.5
Spellcasting   | |  1.0
Hexes          | |  2.6

Action                     |  1- 3 |  4- 6 || total
---------------------------+-------+-------++-------
   Fire: Sling             |   122 |    21 ||   143
    Use: Scroll            |     2 |     5 ||     7
         Potion            |     1 |       ||     1
 Armour: Robe              |    13 |       ||    13
         Leather armour    |    13 |       ||    13
         Ring mail         |       |     1 ||     1
  Dodge: Dodged            |    29 |     6 ||    35

Table legend:
 A = Non-vault XP
 B = Vault XP
 C = Vault XP percentage of total XP
 D = Non-vault monster count
 E = Vault monster count
 F = Vault count percentage of total count
                 A         B        C        D         E       F
            +---------+---------+-------+---------+---------+-------
      Total |     116 |      37 |  24.2 |      38 |       1 |   2.6
            +---------+---------+-------+---------+---------+-------
        D:1 |      40 |       0 |   0.0 |      23 |       0 |   0.0
        D:2 |      47 |       0 |   0.0 |      12 |       0 |   0.0
        D:3 |      29 |      37 |  56.1 |       3 |       1 |  25.0
            +---------+---------+-------+---------+---------+-------
